 Dungeon Crawl Stone Soup version 0.23.0 (webtiles) character file.

Game seed: 15713746797477952197

376362 Lavandula the Earth Mage (level 22, -1/137 HPs)
             Began as a Gargoyle Gladiator on Feb 10, 2019.
             Was an Initiate of Gozag.
             Slain by a phantasmal warrior (23 damage)
             ... while paralysed by a vampire knight
             ... on level 2 of the Crypt on Feb 12, 2019.
             The game lasted 03:26:22 (38802 turns).

Lavandula the Earth Mage (Gargoyle Gladiator)      Turns: 38802, Time: 03:26:23

Health: -1/137     AC: 43    Str: 13    XL:     22   Next: 78%
Magic:  38/38      EV:  2    Int: 24    God:    Gozag
Gold:   1723       SH:  0    Dex: 11    Spells: 13/46 levels left

rFire    + + .     SeeInvis +   x - +9 lajatang (protect)
rCold    + . .     Gourm    .   (shield currently unavailable)
rNeg     + + +     Faith    .   X - +6 scale mail of the Locust {rC+ rN++ Str-4 SInv}
rPois    ∞         Spirit   .   v - +0 hat {MR+}
rElec    +         Reflect  .   o - scarf {rC+ rF+}
rCorr    +         Harm     .   L - +1 pair of gloves
MR       +....                  p - +1 pair of boots {run}
Stlth    ++++......             u - amulet of regeneration
HPRegen  0.72/turn              S - ring "Qur Xoom" {rF++ MR+ Str-4 Int+4}
MPRegen  0.26/turn              k - ring "Jopas" {rCorr rPois Slay+3 Stlth+}

@: paralysed, vulnerable, protection aura, deflect missiles, quick
A: big wings, clever 2, negative energy resistance 1, robust 1, electricity
resistance, unbreathing, petrification resistance, rot immunity, unskilled 1,
inexperienced 1, temperature sensitive, AC +16
}: 2/15 runes: barnacled, gossamer
a: Fly, Potion Petition, Call Merchant, Bribe Branch, Renounce Religion


You were on level 2 of the Crypt.
You worshipped Gozag.
Gozag was most pleased with you.
You were not hungry.

You visited 9 branches of the dungeon, and saw 40 of its levels.
You visited the Abyss 1 time.

You collected 15085 gold pieces.
You spent 7592 gold pieces at shops.
You paid 5770 gold pieces to Gozag.

Inventory:

Hand Weapons
 l - the +9 quarterstaff "Lavandula's Peril" {crush, Str+2}
   (You bought it in a shop on level 3 of the Vaults)

   It inflicts extra damage upon your enemies.
   It affects your strength (+2).
 x - a +9 lajatang of protection (weapon)
Missiles
 a - 5 steel javelins (quivered)
 d - 7 throwing nets
Armour
 o - a scarf of resistance (worn)
 p - a +1 pair of boots of running (worn)
 v - a +0 hat of magic resistance (worn)
 w - +7 fire dragon scales
 L - a +1 pair of gloves (worn)
 X - the +6 scale mail of the Locust (worn) {rC+ rN++ Str-4 SInv}
   (You found it on level 3 of the Lair of Beasts)

   It affects your strength (-4).
   It protects you from cold.
   It greatly protects you from negative energy.
   It lets you see invisible.
Magical Staves
 V - an uncursed staff of earth
Jewellery
 k - the ring "Jopas" (right hand) {rCorr rPois Slay+3 Stlth+}
   (You bought it in a shop on level 2 of the Orcish Mines)

   [ring of resist corrosion]

   It affects your accuracy and damage with ranged weapons and melee attacks
   (+3).
   It protects you from poison.
   It makes you more stealthy.
 r - an uncursed ring of wizardry
 u - an amulet of regeneration (around neck)
 B - the ring of Peace {rF- rC+++ AC+2 Str+5 Dex-3}
   (You bought it in a shop on level 2 of the Orcish Mines)

   [ring of protection]

   It affects your AC (+2).
   It affects your strength (+5).
   It affects your dexterity (-3).
   It makes you vulnerable to fire.
   It renders you almost immune to cold.
 M - the ring "Ganel" {*Contam rElec rC+ rN+ Stlth+}
   (You bought it in a shop on level 9 of the Dungeon)

   [ring of stealth]

   It protects you from cold.
   It insulates you from electricity.
   It protects you from negative energy.
   It causes magical contamination when unequipped.
   It makes you more stealthy.
 S - the ring "Qur Xoom" (left hand) {rF++ MR+ Str-4 Int+4}
   (You bought it in a shop on level 2 of the Orcish Mines)

   [ring of protection from magic]

   It affects your strength (-4).
   It affects your intelligence (+4).
   It greatly protects you from fire.
   It affects your resistance to hostile enchantments.
Wands
 q - a wand of iceblast (26)
 y - a wand of enslavement (21)
 R - a wand of paralysis (10)
 U - a wand of acid (10)
 W - a wand of digging (5)
Scrolls
 e - 3 scrolls of immolation
 g - 10 scrolls of remove curse
 h - 2 scrolls of silence
 m - 5 scrolls of fog
 n - 2 scrolls of identify
 s - 2 scrolls of enchant weapon
 A - a scroll of torment
 C - 8 scrolls of magic mapping
 G - a scroll of holy word
 J - 7 scrolls of fear
 K - 6 scrolls of amnesia
 Y - 6 scrolls of teleportation
 Z - 4 scrolls of blinking
Potions
 b - 16 potions of curing
 c - 7 potions of might
 i - 2 potions of invisibility
 j - a potion of berserk rage
 z - 8 potions of brilliance
 D - 5 potions of agility
 E - 4 potions of ambrosia
 H - 4 potions of magic
 N - 4 potions of haste
 O - a potion of cancellation
 P - 5 potions of mutation
 Q - 3 potions of resistance
 T - 5 potions of heal wounds
Miscellaneous
 t - 2 boxes of beasts
 F - 2 phantom mirrors
 I - a lamp of fire
Comestibles
 f - 15 rations


   Skills:
 - Level 9.5 Fighting
 - Level 14.1 Staves
 - Level 1.5 Throwing
 - Level 11.2 Armour
 - Level 9.9 Dodging
 - Level 9.0 Stealth
 - Level 12.5 Spellcasting
 - Level 4.0 Conjurations
 - Level 9.9 Charms
 - Level 4.8 Summonings
 - Level 6.3 Translocations
 - Level 8.6 Air Magic
 + Level 19.5 Earth Magic
 - Level 1.0 Poison Magic
 - Level 5.6 Evocations


You had 13 spell levels left.
You knew the following spells:

 Your Spells              Type           Power        Failure   Level  Hunger
a - Blink                 Tloc           N/A          1%          2    None
b - Mephitic Cloud        Conj/Pois/Air  #####...     6%          3    None
c - Animate Skeleton      Necr           N/A          14%         1    None
d - Summon Butterflies    Summ           #####...     1%          1    None
e - Spectral Weapon       Hex/Chrm       #####...     5%          3    None
f - Regeneration          Chrm/Necr      #####.....   5%          3    None
g - Apportation           Tloc           #####.       1%          1    None
h - Song of Slaying       Chrm           ######..     1%          2    None
i - Shroud of Golubria    Chrm/Tloc      ######....   1%          2    None
j - Shatter               Erth           #######...   99%         9    #######
k - Deflect Missiles      Chrm/Air       ######....   41%         6    #####..

Your spell library contained the following spells:

 Spells                   Type           Power        Failure   Level  Hunger
 Infusion                 Chrm           ####         1%          1    None
 Summon Small Mammal      Summ           ####         1%          1    None
 Swiftness                Chrm/Air       ######..     1%          2    None
 Magic Dart               Conj           ####         2%          1    None
 Call Imp                 Summ           #####...     2%          2    None
 Poisonous Vapours        Pois/Air       #####.       2%          2    None
 Petrify                  Tmut/Erth      ######..     2%          4    None
 Gell's Gravitas          Tloc           #####.....   3%          3    None
 Static Discharge         Conj/Air       #####...     3%          3    None
 Sting                    Conj/Pois      ####         4%          1    None
 Call Canine Familiar     Summ           #####...     5%          3    None
 Ozocubu's Armour         Chrm/Ice       #####...     5%          3    None
 Throw Flame              Conj/Fire      ###...       9%          2    None
 Throw Frost              Conj/Ice       ###...       9%          2    None
 Summon Lightning Spire   Summ/Air       #####...     9%          4    None
 Passage of Golubria      Tloc           N/A          10%         4    None
 Beastly Appendage        Tmut           ###...       14%         1    None
 Confusing Touch          Hex            ###...       14%         1    None
 Freeze                   Ice            ###.         14%         1    None
 Pain                     Necr           ###.         14%         1    None
 Summon Guardian Golem    Hex/Summ       ####....     16%         3    None
 Conjure Flame            Conj/Fire      ###.....     19%         3    None
 Slow                     Hex            ###.....     21%         2    None
 Sticks to Snakes         Tmut           ###.....     21%         2    None
 Iskenderun's Battlesphe  Conj/Chrm      #####...     22%         5    ###....
 Lightning Bolt           Conj/Air       #####.....   28%         5    ###....
 Spider Form              Tmut/Pois      ###.......   32%         3    None
 Ignite Poison            Fire/Tmut/Pois ###.....     34%         3    None
 Confuse                  Hex            ###.....     38%         3    None
 Vampiric Draining        Necr           ###.......   38%         3    None
 Summon Ice Beast         Ice/Summ       ####....     45%         4    None
 Throw Icicle             Conj/Ice       ###.....     52%         4    None
 Silence                  Hex/Air        #####.....   54%         5    ###....
 Animate Dead             Necr           N/A          80%         4    None
 Ice Form                 Ice/Tmut       ###.....     80%         4    None
 Summon Mana Viper        Hex/Summ       ####....     80%         5    ###....
 Conjure Ball Lightning   Conj/Air       #####.....   83%         6    #####..
 Fireball                 Conj/Fire      ###.......   86%         5    ###....
 Alistair's Intoxication  Tmut/Pois      ###.....     97%         5    ###....
 Blade Hands              Tmut           ###.......   98%         5    ###....
 Metabolic Englaciation   Hex/Ice        ###.......   98%         5    ###....
 Yara's Violent Unravell  Hex/Tmut       ###.......   98%         5    ###....
 Freezing Cloud           Conj/Ice/Air   #####.....   98%         6    #####..
 Bolt of Fire             Conj/Fire      ###.......   100%        6    #####..
 Malign Gateway           Summ/Tloc      #####.....   100%        7    ######.
 Monstrous Menagerie      Summ           #####.....   100%        7    ######.
 Ring of Flames           Chrm/Fire      #####.....   100%        7    ######.
 Summon Greater Demon     Summ           #####.....   100%        7    ######.
 Summon Hydra             Summ           #####.....   100%        7    ######.
 Ignition                 Fire           ###.......   100%        8    #######
 Summon Horrible Things   Summ           #####.....   100%        8    #######
 Tornado                  Air            ######....   100%        9    #######


Dungeon Overview and Level Annotations

Branches:
Dungeon (14/15)            Temple (1/1) D:4            Lair (6/6) D:9
 Shoals (4/4) Lair:2       Spider (4/4) Lair:3        Slime (0/5) Lair:6
    Orc (2/2) D:10            Elf (3/3) Orc:2        Vaults (4/5) D:13
  Crypt (2/3) Vaults:2

Altars:
Ashenzari
Cheibriados
Dithmenos
Elyvilon
Fedhas
Gozag
Hepliaklqana
Kikubaaqudgha
Makhleb
Nemelex Xobeh
Okawaru
Qazlal
Ru
Sif Muna
Trog
Uskayaw
Vehumet
Wu Jian
Xom
Yredelemnul
Zin
The Shining One
Jiyva

Shops:
D:5 *!!   D:9 *   D:10 =   D:13 *   Orc:2 [=*(   Elf:3 (%   Shoals:1 %
Vaults:1 [?=?*   Vaults:2 (   Vaults:3 (

Annotations:
D:9 Erica
Lair:2 exclusion: oklob plant
Lair:6 Rupert
Vaults:3 1 runed translucent door, SlowGraham's ghost, legendary KoMo


Innate Abilities, Weirdness & Mutations

You are resistant to torment.
Your stone body is resilient. (AC +16)
You are immune to poison.
Your large and strong wings let you fly indefinitely.
You resist negative energy. (rN+)
You are resistant to electric shocks. (rElec)
You can survive without breathing.
You are immune to petrification.
You are immune to rotting.
You are somewhat unskilled. (-1 Apt)
You are somewhat inexperienced. (-2 XL)
You are sensitive to extremes of temperature. (rF-, rC-)
Your mind is very acute. (Int +4)
You are robust. (+10% HP)


Message History

The vampire knight hits you with a +0 great mace!
The vampire knight bites you but does no damage.
The phantasmal warrior hits you but does no damage.
The phantasmal warrior hits you!
* * * LOW HITPOINT WARNING * * *
The vampire knight hits you with a +0 great mace!
* * * LOW HITPOINT WARNING * * *
The vampire knight bites you but does no damage.
The necromancer gestures wildly while chanting.
The necromancer flickers and vanishes for a moment.
The spiny frog skeleton hits you but does no damage.
The phantasmal warrior hits you but does no damage. x2
The spiny frog skeleton hits you!
* * * LOW HITPOINT WARNING * * *
The vampire knight hits you but does no damage.
The vampire knight bites you but does no damage.
The phantasmal warrior hits you but does no damage.
The phantasmal warrior hits you!!
You die...
Your body crumbles into a pile of gold.

########################
..........).............
##......#######.........
#......#....<#.........
#......#.....VW........
#......#.....#@........
#......#.....#WZ######
##......#.....#p.#
......[.#.....'$.#
........#######$.#
..........p......#
#####...W..§.........#
#....###≈..≈###..#
#.#.#..W#≈≈#... .#


You could see a vampire knight, 2 phantasmal warriors, a necromancer (invisible)
and a spiny frog skeleton.

Vanquished Creatures
  2 bone dragons
  A lich (Vaults:3)
  A hellephant (Abyss:4)
  A tentacled monstrosity (Abyss:3)
  2 deep elf master archers (Elf:3)
  A tentacled starspawn (Abyss:4)
  3 deep elf blademasters
  A sphinx (D:10)
  4 ancient champions
  2 revenants (Crypt:1)
  Donald (Orc:1)
  3 fire giants
  2 ghost moths
  The ghost of Kairos the Severer, an adept VSFi of Okawaru (Shoals:2)
  3 deep elf sorcerers
  2 frost giants
  2 orc warlords (Orc:1)
  8 vault wardens
  5 emperor scorpions
  2 curse skulls
  5 deep elf elementalists (Elf:3)
  2 ghouls (Crypt:1)
  14 ironheart preservers
  An entropy weaver (Vaults:4)
  5 stone giants
  3 deep elf demonologists (Elf:3)
  A spark wasp (Spider:4)
  10 deep elf annihilators
  4 merfolk javelineers
  3 jiangshi (Crypt:1)
  2 eidola
  9 deep elf death magi
  A quicksilver dragon zombie (Crypt:2)
  3 ettins
  2 fire dragons
  5 merfolk impalers
  A green death (Abyss:4)
  2 deep elf high priests (Elf:3)
  A yaktaur captain (Vaults:3)
  8 ogre magi
  A quicksilver dragon skeleton (Crypt:2)
  3 great orbs of eyes
  5 hydras
  3 rakshasas
  5 centaur warriors
  4 death knights
  5 ice dragons
  4 merfolk aquamancers
  A tengu warrior (D:10)
  27 two-headed ogres
  A deep troll earth mage (Vaults:1)
  3 orc high priests
  2 vampire magi (Crypt:1)
  7 death scarabs (Spider:4)
  7 thrashing horrors (Abyss:4)
  2 satyrs
  Urug (D:13)
  25 deep elf knights
  A titan zombie (Crypt:2)
  2 shadow wraiths
  5 hell knights (Abyss:4)
  A fire crab (shapeshifter) (Vaults:1)
  3 wretched stars
  A sixfirhy (Abyss:3)
  7 skeletal warriors (Crypt:1)
  A titan skeleton (Crypt:2)
  4 flayed ghosts
  8 deep trolls
  9 sea snakes
  A storm dragon skeleton (Vaults:3)
  3 phantasmal warriors (Crypt:1)
  An obsidian statue (Crypt:1)
  3 wizards
  14 deep elf archers
  3 unseen horrors
  10 ironbrand convokers
  9 orc knights
  5 spectral wolf spiders (Spider:4)
  A wolf spider zombie (Spider:4)
  The ghost of Monsterracer the Destroyer, a novice OgCj (D:7)
  4 necromancers
  11 harpies
  10 orb spiders
  16 wolf spiders
  61 deep elf magi
  19 ugly things
  A fire giant zombie (Crypt:2)
  6 orc sorcerers
  12 cyclopes
  9 fauns
  A tengu skeleton (Vaults:3)
  6 manticores
  6 moths of wrath
  A rust devil (Abyss:4)
  Maurice (D:7)
  6 black mambas
  11 elephants
  7 merfolk sirens
  10 vault sentinels
  6 centaur zombies
  Psyche (D:8)
  3 torpor snails
  A fire giant skeleton (Crypt:1)
  3 centaur skeletons
  3 water nymphs (Shoals:2)
  2 smoke demons (Abyss:4)
  A sea snake zombie (Crypt:1)
  22 spiny frogs
  2 rime drakes (Lair:5)
  24 yaktaurs
  2 spectral redbacks (Spider:4)
  3 redback zombies (Spider:4)
  6 freezing wraiths
  A komodo dragon (Lair:5)
  An efreet (Abyss:4)
  5 demonic crawlers
  14 jumping spiders
  7 trolls
  2 ancient zymes (Abyss:4)
  A polar bear (Lair:5)
  A queen bee (D:8)
  3 wind drakes (Shoals:4)
  2 tyrant leeches (Lair:6)
  20 merfolk
  6 spectral jumping spiders (Spider:4)
  An ettin zombie (Vaults:3)
  A bog body (Crypt:1)
  2 hornets (shapeshifter)
  7 hornets
  18 blink frogs
  A snapping turtle (Shoals:1)
  9 slime creatures
  7 raiju
  3 spectral tarantellas (Spider:4)
  12 dream sheep
  13 hippogriffs
  2 tarantella zombies (Spider:4)
  A stone giant simulacrum (Vaults:1)
  A centaur simulacrum (D:14)
  3 large abominations (Abyss:4)
  5 flying skulls (Crypt:1)
  An ice dragon skeleton (Crypt:2)
  40 redbacks
  2 tarantellas (shapeshifter)
  7 starcursed masses (Abyss:4)
  38 yaks
  6 wraiths
  3 ynoxinuls (Abyss:4)
  2 wyverns
  4 air elementals
  21 tarantellas
  A vampire (D:8)
  4 water elementals
  2 basilisks
  3 fire elementals (Elf:2)
  16 humans (D:13)
  A golden eye (shapeshifter) (Vaults:1)
  A basilisk (shapeshifter) (Elf:2)
  4 small abominations (Abyss:4)
  5 vampire mosquitoes (Lair:6)
  A steam dragon (D:9)
  3 chaos spawn (Abyss:4)
  2 neqoxecs
  A golden eye (Abyss:4)
  2 hungry ghosts
  A yaktaur simulacrum (Vaults:1)
  2 merfolk zombies (Crypt:1)
  4 acid dragons
  A naga (shapeshifter) (Vaults:2)
  A soldier ant (D:8)
  8 wargs
  2 spectral hornets (Spider:4)
  A spiny frog zombie (Crypt:2)
  2 porcupines
  3 sky beasts
  7 water moccasins
  4 hell hounds (Abyss:4)
  A black bear (shapeshifter) (D:14)
  A merfolk skeleton (Crypt:2)
  3 black bears
  4 phantoms
  40 orc warriors
  A swamp dragon zombie (Crypt:2)
  An eye of draining (D:13)
  8 necrophages
  2 ice beasts
  2 hornet zombies
  27 ogres
  5 boggarts (Vaults:2)
  10 centaurs
  13 wolves
  A human skeleton (Vaults:3)
  8 crocodiles
  2 human zombies
  7 big kobolds
  4 earth elementals
  22 bullfrogs
  2 wyvern skeletons
  A water moccasin skeleton (D:8)
  4 scorpions
  5 wights
  2 jellies
  26 killer bees (D:8)
  2 howler monkeys
  5 electric eels
  2 crimson imps
  2 bullfrog zombies
  2 quasits
  8 hounds
  An iron imp (Abyss:4)
  17 orc priests
  3 bullfrog skeletons
  25 orc wizards
  16 worker ants
  A bullfrog simulacrum (D:13)
  2 killer bee zombies
  A deep dwarf skeleton (Crypt:1)
  A hound zombie (D:3)
  3 hound skeletons
  4 gnolls (D:4)
  17 adders
  2 shadow imps
  An ufetubus (Abyss:4)
  An adder zombie (D:6)
  A worm zombie (Crypt:1)
  2 adder skeletons (D:9)
  2 worms
  6 dart slugs
  9 leopard geckos
  88 orcs
  14 bats
  8 giant cockroaches
  10 hobgoblins
  3 jackals (D:8)
  61 kobolds
  6 quokkas
  A ball python (D:3)
  3 frilled lizards
  7 goblins
  A jackal skeleton (D:5)
  A leopard gecko zombie (D:8)
  7 rats
  2 lurking horrors (Abyss:4)
  A spectral weapon (Abyss:4)
  A starspawn tentacle (Abyss:4)
1512 creatures vanquished.

Vanquished Creatures (others)
  Asterion (Elf:3)
  23 dancing weapons
  A deep elf knight (Vaults:2)
  A shadow wraith (Crypt:1)
  An ironbrand convoker (Vaults:3)
  2 deep elf magi
  An orb spider (Spider:4)
  A bullfrog (Lair:1)
  A killer bee (D:8)
  A hound zombie (D:9)
  An adder (D:9)
  An orc (Orc:2)
  A giant cockroach (D:8)
  20 fungi
  35 plants
  27 spectral weapons
  15 starspawn tentacles
  4 tentacles (Shoals:3)
137 creatures vanquished.

Grand Total: 1649 creatures vanquished

Notes
Turn   | Place    | Note
-------+----------+-------------------------------------------
     0 | D:1      | Lavandula the Gargoyle Gladiator began the quest for the
                  | Orb.
     0 | D:1      | Reached XP level 1. HP: 12/12 MP: 1/1
    76 | D:1      | Reached XP level 2. HP: 12/17 MP: 2/2
   271 | D:1      | Reached XP level 3. HP: 17/21 MP: 3/3
   399 | D:2      | Reached XP level 4. HP: 18/26 MP: 4/4
   429 | D:2      | Reached skill level 5 in Staves
   689 | D:2      | Found a glowing golden altar of the Shining One.
   689 | D:2      | Found a blossoming altar of Fedhas.
   689 | D:2      | Found a snail-covered altar of Cheibriados.
   689 | D:2      | Found an ornate altar of the Wu Jian Council.
   757 | D:2      | Reached XP level 5. HP: 26/30 MP: 5/5
  1735 | D:3      | HP: 1/30 [orc (3)]
  1741 | D:3      | Reached XP level 6. HP: 2/35 MP: 6/6
  2766 | D:3      | Reached XP level 7. HP: 21/40 MP: 7/7
  3196 | D:4      | Found a staircase to the Ecumenical Temple.
  3358 | Temple   | Entered the Ecumenical Temple
  3538 | Temple   | Became a worshipper of Ru the Awakened
  3689 | D:5      | Entered Level 5 of the Dungeon
  3717 | D:5      | Reached skill level 1 in Armour
  3829 | D:5      | Reached XP level 8. HP: 38/44 MP: 8/8
  3862 | D:5      | Found Qacimp's Assorted Antiques.
  3866 | D:5      | Bought a bubbling sapphire potion for 22 gold pieces
  3866 | D:5      | Bought a metallic cyan potion for 22 gold pieces
  3866 | D:5      | Bought a lead wand for 100 gold pieces
  3866 | D:5      | Bought a brass ring for 125 gold pieces
  3882 | D:5      | Found Miubofej's Distillery.
  3888 | D:5      | Bought a potion of degeneration for 11 gold pieces
  4138 | D:5      | Found Garhicw's Distillery.
  4149 | D:5      | Bought a potion of agility for 52 gold pieces
  4387 | D:6      | Reached skill level 5 in Armour
  4560 | D:6      | Gained mutation: You are somewhat inexperienced. (-2 XL)
                  | [Ru sacrifice]
  4560 | D:6      | Reached XP level 7. HP: 40/40 MP: 7/7
  4560 | D:6      | Reached XP level 6. HP: 35/35 MP: 6/6
  4560 | D:6      | Reached * piety under Ru
  4560 | D:6      | Reached ** piety under Ru
  4639 | D:6      | Found a bloodstained altar of Trog.
  4722 | D:6      | Reached XP level 7. HP: 30/40 MP: 7/7
  5148 | D:6      | Reached XP level 8. HP: 17/44 MP: 8/8
  5399 | D:7      | Found a transporter.
  5407 | D:7      | Found a transporter.
  5407 | D:7      | Noticed Monsterracer's ghost (novice OgCj)
  5408 | D:7      | Noticed a wyvern
  5427 | D:7      | Reached skill level 5 in Dodging
  6047 | D:4      | Reached XP level 9. HP: 48/48 MP: 9/9
  6499 | D:7      | Reached skill level 10 in Staves
  6800 | D:7      | Gained mutation: You are sensitive to extremes of
                  | temperature. (rF-, rC-) [Ru sacrifice]
  6800 | D:7      | Reached *** piety under Ru
  6800 | D:7      | Reached **** piety under Ru
  6800 | D:7      | Reached ***** piety under Ru
  6923 | D:7      | Killed Monsterracer's ghost
  7032 | D:8      | Noticed Maurice
  7070 | D:7      | Killed Maurice
  7070 | D:7      | Reached XP level 10. HP: 49/53 MP: 10/10
  7490 | D:8      | Noticed Psyche
  7491 | D:8      | Got a dazzling spear
  7497 | D:8      | You fall through a shaft!
  7502 | D:9      | Identified the cursed +0 spear of the Pharaoh's Fist
                  | {flame, MR+} (You found it on level 8 of the Dungeon)
  7511 | D:9      | Noticed a two-headed ogre
  7561 | D:9      | Killed a two-headed ogre
  7820 | D:9      | Noticed Erica
  7822 | D:9      | Found a staircase to the Lair.
  8182 | D:9      | Found Evevvire's Assorted Antiques.
  8187 | D:9      | Bought a fine glass ring for 135 gold pieces
  8187 | D:9      | Bought a yellow potion for 24 gold pieces
  8187 | D:9      | Bought a yellow potion for 24 gold pieces
  8187 | D:9      | Bought an orange potion for 24 gold pieces
  8187 | D:9      | Bought a brown potion for 24 gold pieces
  8188 | D:9      | Identified the ring "Ganel" {*Contam rElec rC+ rN+ Stlth+}
                  | (You bought it in a shop on level 9 of the Dungeon)
  8211 | D:10     | Entered Level 10 of the Dungeon
  8256 | D:10     | Reached XP level 11. HP: 60/60 MP: 11/11
  8328 | D:9      | Learned a level 2 spell: Blink
  8392 | D:9      | Reached skill level 5 in Fighting
  8418 | D:9      | Noticed a fire dragon
  8570 | D:8      | Killed Psyche
  8631 | D:8      | Gained mutation: You are somewhat unskilled. (-1 Apt) [Ru
                  | sacrifice]
  8631 | D:8      | Reduced skill Fighting to level 5
  8631 | D:8      | Reached ****** piety under Ru
  8894 | D:9      | Killed a fire dragon
  9626 | D:9      | Got a fine leather armour
  9637 | D:9      | Identified the +4 leather armour of Going Fast {rF+ rN++
                  | MR- Dex+4} (You found it on level 9 of the Dungeon)
  9669 | Lair:1   | Entered Level 1 of the Lair of Beasts
 10279 | Lair:2   | Noticed a four-headed hydra
 10649 | Temple   | Fell from the grace of Ru
 10649 | Temple   | Became a worshipper of Gozag Ym Sagoz the Greedy
 11126 | D:10     | Found a staircase to the Orcish Mines.
 11157 | Orc:1    | Entered Level 1 of the Orcish Mines
 11174 | Orc:1    | Noticed a stone giant
 11269 | Orc:1    | Killed a stone giant
 11392 | Orc:1    | Reached XP level 12. HP: 36/75 MP: 12/12
 11397 | Orc:1    | Learned a level 3 spell: Mephitic Cloud
 11754 | Orc:1    | Paralysed by an orc sorcerer for 2 turns
 11760 | Orc:1    | Reached skill level 1 in Air Magic
 12059 | Orc:2    | Entered Level 2 of the Orcish Mines
 12062 | Orc:2    | Noticed an orc warlord
 12073 | Orc:2    | Reached skill level 1 in Conjurations
 12074 | Orc:2    | Noticed an orc high priest
 12297 | Orc:2    | Noticed Donald
 12931 | D:10     | Reached skill level 1 in Poison Magic
 13092 | D:10     | Noticed a sphinx
 13092 | D:10     | Noticed a fire giant
 13092 | D:10     | Noticed a tengu warrior
 13092 | D:10     | Noticed a great orb of eyes
 13138 | D:10     | Paralysed by a great orb of eyes for 7 turns
 13401 | D:10     | Paralysed by a sphinx for 3 turns
 13426 | D:10     | Paralysed by a sphinx for 3 turns
 13503 | D:10     | Paralysed by a sphinx for 4 turns
 13509 | D:10     | Killed a sphinx
 14035 | Lair:2   | Noticed a five-headed hydra
 14052 | Lair:2   | Killed a five-headed hydra
 14156 | Lair:2   | Killed a four-headed hydra
 14587 | D:5      | Bought a potion of mutation for 88 gold pieces
 14587 | D:5      | Bought a potion of berserk rage for 55 gold pieces
 14587 | D:5      | Bought 2 potions of curing for 66 gold pieces
 14587 | D:5      | Bought a potion of mutation for 88 gold pieces
 14820 | Lair:3   | Got an ancient robe
 14831 | Lair:3   | Identified the +2 robe of Honour {rF+} (You found it on
                  | level 3 of the Lair of Beasts)
 14902 | Lair:3   | Found a hole to the Spider Nest.
 14903 | Lair:3   | Got a jet-encrusted scale mail
 15310 | Lair:3   | Identified the +6 scale mail of the Locust {rC+ rN++ Str-4
                  | SInv} (You found it on level 3 of the Lair of Beasts)
 15504 | Lair:3   | Reached skill level 1 in Spellcasting
 15504 | Lair:3   | Reached XP level 13. HP: 56/80 MP: 14/14
 17133 | Lair:5   | Reached skill level 5 in Spellcasting
 17556 | Lair:5   | Learned a level 1 spell: Apportation
 17558 | Lair:5   | Learned a level 1 spell: Animate Skeleton
 17863 | Lair:6   | Entered Level 6 of the Lair of Beasts
 18120 | Lair:6   | Reached skill level 5 in Air Magic
 18159 | Lair:6   | Reached skill level 1 in Evocations
 18295 | Lair:6   | Gained mutation: Your large and strong wings let you fly
                  | indefinitely. [Gargoyle growth]
 18295 | Lair:6   | Reached XP level 14. HP: 73/84 MP: 21/21
 18483 | Lair:6   | Found a staircase to the Slime Pits.
 18483 | Lair:6   | Found a viscous altar of Jiyva.
 18487 | Lair:6   | Reached skill level 5 in Evocations
 18650 | Lair:6   | Noticed Rupert
 18812 | D:11     | Found a bloodstained altar of Trog.
 18943 | D:10     | Bought the ring of Dizxi {*Tele +Inv rF- MR+++ Stlth+} for
                  | 456 gold pieces
 19019 | D:10     | Killed a fire giant
 19119 | Orc:1    | Killed Donald
 19311 | Orc:2    | Found Umys's Antique Armour Boutique.
 19352 | Orc:2    | Reached skill level 10 in Armour
 19628 | Orc:2    | Found a staircase to the Elven Halls.
 19723 | Orc:2    | Found Deotuedo's Antique Weapon Emporium.
 19738 | Orc:2    | Bought a glowing lajatang for 594 gold pieces
 19742 | Orc:2    | Bought a faintly glowing spear for 264 gold pieces
 19742 | Orc:2    | Identified the +4 spear "Aduenerph" {pierce, rF+} (You
                  | bought it in a shop on level 2 of the Orcish Mines)
 19756 | Orc:2    | Found Eptadu's General Store.
 19861 | Orc:2    | Found Zygum's Jewellery Shop.
 19874 | Orc:2    | Bought the ring "Jopas" {rCorr rPois Slay+3 Stlth+} for 559
                  | gold pieces
 19886 | Orc:2    | Noticed an orc warlord
 19930 | Orc:2    | Gained mutation: You are weak. (Str -2) [mutagenic glow]
 19956 | Orc:2    | Lost mutation: You are weak. (Str -2) [potion of mutation]
 19956 | Orc:2    | Gained mutation: You possess an exceptional clarity of
                  | mind. [potion of mutation]
 19956 | Orc:2    | Gained mutation: Your mind is acute. (Int +2) [potion of
                  | mutation]
 19956 | Orc:2    | Gained mutation: You are robust. (+10% HP) [potion of
                  | mutation]
 19956 | Orc:2    | Gained mutation: Your mind is very acute. (Int +4) [potion
                  | of mutation]
 20017 | Orc:1    | Killed an orc warlord
 20481 | Orc:2    | Bought the ring of Peace {rF- rC+++ AC+2 Str+5 Dex-3} for
                  | 590 gold pieces
 20532 | Orc:1    | Killed an orc warlord
 20642 | Lair:2   | Found a staircase to the Shoals.
 20651 | Shoals:1 | Entered Level 1 of the Shoals
 20887 | Shoals:3 | Reached XP level 15. HP: 85/97 MP: 22/22
 20890 | Shoals:3 | Reached skill level 1 in Translocations
 20978 | Shoals:2 | Found a transporter.
 20981 | Shoals:2 | Found a bloodstained altar of Trog.
 20981 | Shoals:2 | Noticed Kairos's ghost (adept VSFi)
 20982 | Shoals:2 | Found a transporter.
 20982 | Shoals:2 | Identified the +5 trident of Juxt {freeze, Str+3}
 20982 | Shoals:2 | Identified the +4 trident of Chance {drain, rElec MP+9
                  | Str+5 Dex-2}
 21525 | Shoals:2 | Reached skill level 5 in Translocations
 21936 | Shoals:1 | Found Aphuozas's Food Boutique.
 22266 | Shoals:4 | Entered Level 4 of the Shoals
 22436 | Shoals:4 | Learned a level 1 spell: Summon Butterflies
 22712 | Shoals:4 | Identified the cursed ring "Losoake" {Dex-2 Stlth+}
 22768 | Shoals:4 | Noticed a frost giant
 22773 | Shoals:4 | Killed a frost giant
 22795 | Shoals:4 | Got a barnacled rune of Zot
 22892 | Shoals:3 | Noticed a kraken
 23023 | Shoals:2 | Killed Kairos's ghost
 23023 | Shoals:2 | Reached XP level 16. HP: 65/104 MP: 28/28
 23216 | Spider:1 | Entered Level 1 of the Spider Nest
 23495 | Spider:1 | Reached skill level 10 in Spellcasting
 23699 | Spider:3 | Reached skill level 1 in Summonings
 23732 | Spider:4 | Entered Level 4 of the Spider Nest
 24977 | Spider:4 | Reached XP level 17. HP: 80/108 MP: 31/31
 25329 | Spider:4 | Got a gossamer rune of Zot
 25437 | Spider:3 | Reached XP level 18. HP: 116/116 MP: 32/32
 25817 | D:11     | Reached skill level 5 in Stealth
 26053 | D:11     | Identified the Almanac of the Blaze and Envenoming
 26397 | D:13     | Found a gate to the Vaults.
 26397 | D:13     | Noticed Urug
 26575 | D:13     | Killed Urug
 26621 | Vaults:1 | Entered Level 1 of the Vaults
 27140 | D:13     | Bought a clouded steel ring for 140 gold pieces
 27140 | D:13     | Bought a black book for 420 gold pieces
 27140 | D:13     | Bought a scroll of fog for 56 gold pieces
 27140 | D:13     | Bought a scroll of teleportation for 84 gold pieces
 27140 | D:13     | Bought a potion of resistance for 280 gold pieces
 27143 | D:13     | Identified the ring of Eloger {+Blink rF+ MR+ Dex-4 Slay+1
                  | Stlth+} (You bought it in a shop on level 13 of the
                  | Dungeon)
 27319 | D:13     | Learned a level 3 spell: Spectral Weapon
 27323 | D:13     | Learned a level 3 spell: Regeneration
 27886 | D:12     | Got a heavily runed scale mail
 27914 | D:12     | Identified the +6 scale mail "Xigig" {rF+ MP+9} (You found
                  | it on level 12 of the Dungeon)
 28241 | Vaults:1 | Reached skill level 1 in Charms
 28272 | Vaults:1 | Paralysed by an ogre mage for 5 turns
 28383 | Vaults:1 | Found Gaamu's Jewellery Boutique.
 28396 | Vaults:1 | Learned a level 2 spell: Song of Slaying
 28399 | Vaults:1 | Learned a level 2 spell: Shroud of Golubria
 28433 | Vaults:1 | Reached XP level 19. HP: 117/121 MP: 34/34
 28445 | Vaults:1 | Bought a scroll of fear for 70 gold pieces
 28445 | Vaults:1 | Bought a scroll of magic mapping for 70 gold pieces
 28445 | Vaults:1 | Bought a scroll of immolation for 70 gold pieces
 28445 | Vaults:1 | Bought a scroll of teleportation for 60 gold pieces
 28457 | Vaults:1 | Paralysed by a great orb of eyes for 2 turns
 28542 | Vaults:1 | Found Zeusch's Antique Armour Emporium.
 28715 | Vaults:1 | Found Naisime's Magic Scroll Shop.
 28721 | Vaults:1 | Reached skill level 5 in Charms
 28761 | Vaults:1 | Bought a scroll of immolation for 77 gold pieces
 28761 | Vaults:1 | Bought a scroll of magic mapping for 77 gold pieces
 28761 | Vaults:1 | Bought a scroll of enchant weapon for 165 gold pieces
 28761 | Vaults:1 | Bought a scroll of holy word for 165 gold pieces
 28761 | Vaults:1 | Bought a scroll of silence for 165 gold pieces
 28885 | Vaults:1 | Found Vilol's General Store.
 28893 | Vaults:1 | Bought a scroll of blinking for 105 gold pieces
 28893 | Vaults:1 | Bought 2 potions of heal wounds for 140 gold pieces
 28893 | Vaults:1 | Bought a scroll of magic mapping for 49 gold pieces
 29577 | Vaults:2 | Learned a level 9 spell: Shatter
 29688 | Vaults:2 | Reached skill level 1 in Earth Magic
 29689 | Vaults:2 | Reached skill level 2 in Earth Magic
 29721 | Vaults:2 | Reached skill level 3 in Earth Magic
 29809 | Vaults:2 | Reached skill level 4 in Earth Magic
 29814 | Vaults:2 | Noticed a bone dragon
 29989 | Vaults:2 | Reached skill level 5 in Earth Magic
 30006 | Vaults:2 | Reached skill level 6 in Earth Magic
 30147 | Vaults:2 | Reached skill level 7 in Earth Magic
 30350 | Vaults:2 | Found a staircase to the Crypt.
 30468 | Vaults:2 | Found Pumaum's Weapon Boutique.
 30520 | Vaults:2 | Reached skill level 8 in Earth Magic
 30868 | Vaults:3 | Reached skill level 9 in Earth Magic
 30868 | Vaults:3 | Reached XP level 20. HP: 96/127 MP: 36/36
 31030 | Vaults:3 | Reached skill level 10 in Earth Magic
 31123 | Vaults:3 | Bought a translucent quarterstaff for 315 gold pieces
 31125 | Vaults:3 | Identified the +9 quarterstaff "Lavandula's Peril" {crush,
                  | Str+2} (You bought it in a shop on level 3 of the Vaults)
 31311 | Vaults:3 | Reached skill level 11 in Earth Magic
 31478 | Vaults:3 | Found a runed translucent door.
 31478 | Vaults:3 | Found a shimmering altar of Xom.
 31478 | Vaults:3 | Identified the +1 glaive of the Ancients {chaos, MR+}
 31478 | Vaults:3 | Noticed SlowGraham's ghost (legendary KoMo)
 31839 | Vaults:3 | Reached skill level 12 in Earth Magic
 32222 | Vaults:4 | Found a shimmering altar of Xom.
 32293 | Vaults:4 | Reached skill level 13 in Earth Magic
 32380 | Vaults:4 | Identified a scroll of acquirement
 32394 | Vaults:4 | Identified a +1 pair of boots of running (You acquired it
                  | on level 4 of the Vaults)
 32604 | Vaults:4 | Reached skill level 14 in Earth Magic
 33429 | Vaults:1 | Killed a bone dragon
 33643 | D:5      | Bought a potion of ambrosia for 104 gold pieces
 33643 | D:5      | Bought a potion of magic for 104 gold pieces
 33643 | D:5      | Bought a potion of curing for 39 gold pieces
 33643 | D:5      | Bought 2 potions of haste for 260 gold pieces
 33860 | Elf:1    | Entered Level 1 of the Elven Halls
 33992 | Elf:1    | Reached skill level 15 in Earth Magic
 34238 | Elf:2    | Reached XP level 21. HP: 108/132 MP: 37/37
 34524 | Elf:3    | Entered Level 3 of the Elven Halls
 34531 | Elf:3    | Got a faintly glowing turquoise ring
 34533 | Elf:3    | Identified the ring "Atoeth" {rC+ MR+} (You found it on
                  | level 3 of the Elven Halls)
 34614 | Elf:3    | Learned a level 6 spell: Deflect Missiles
 34637 | Elf:3    | Found Wioce's Food Boutique.
 35066 | Elf:3    | Cast into level 3 of the Abyss (a deep elf sorcerer)
 35268 | Abyss:4  | Found a basalt altar of Yredelemnul.
 35332 | Abyss:4  | Noticed a bone dragon
 35343 | Abyss:4  | Killed a bone dragon
 35613 | Abyss:4  | Lost mutation: You possess an exceptional clarity of mind.
                  | [a neqoxec]
 35854 | Abyss:5  | Entered Level 5 of the Abyss
 35990 | Elf:3    | Escaped the Abyss
 36020 | Elf:3    | Identified the +1 war axe "Spider's Regret" {holy, MR+
                  | Int+4}
 36034 | Elf:3    | Reached skill level 16 in Earth Magic
 36315 | Elf:3    | Noticed Asterion
 36470 | Elf:3    | Reached XP level 22. HP: 122/137 MP: 27/38
 36715 | Elf:3    | Killed Asterion
 36789 | Elf:3    | Identified the +0 great mace "Qeilo" {freeze, *Contam rPois
                  | rN+}
 36834 | Elf:3    | Identified the Volume of Boosting Poison
 36873 | Elf:3    | Identified the +8 rapier of Abomination {pierce, Str+2}
 36894 | Elf:3    | Found the +0 sword of Power
 36914 | Elf:3    | Reached skill level 17 in Earth Magic
 36924 | Elf:3    | Identified the Reference Book on Displaced Good Luck
 36985 | Elf:3    | Identified the +3 mace of Sulphur {elec, +Rage rElec Str-5}
                  | (You found it on level 3 of the Elven Halls)
 37228 | Elf:2    | Found a runed translucent door.
 37353 | Elf:2    | Found a runed translucent gate.
 37353 | Elf:2    | Found a runed translucent gate.
 37353 | Elf:2    | Found a runed translucent gate.
 37665 | Orc:2    | Bought the ring "Qur Xoom" {rF++ MR+ Str-4 Int+4} for 594
                  | gold pieces
 37781 | Vaults:1 | Bought an uncursed ring of wizardry for 660 gold pieces
 37841 | Crypt:1  | Entered Level 1 of the Crypt
 37879 | Crypt:1  | Reached skill level 18 in Earth Magic
 38007 | Crypt:1  | Found a transporter.
 38019 | Crypt:1  | Found a transporter.
 38323 | Crypt:1  | Reached skill level 19 in Earth Magic
 38348 | Crypt:1  | Identified the amulet of Xom's Condemnation {Gourm Int+2}
                  | (You found it on level 1 of the Crypt)
 38798 | Crypt:2  | Paralysed by a vampire knight for 6 turns
 38802 | Crypt:2  | Slain by a phantasmal warrior

Skill      XL: |  1  2  3  4  5  6  7  8  9 10 11 12 13 14 15 16 17 18 19 20 21 22 |
---------------+-------------------------------------------------------------------+-----
Staves         | 4 5 6 7 8 9 12 14 13 14 | 14.1
Armour         | 6 2 5 8 11 | 11.2
Dodging        | 4 5 6 7 8 9 |  9.9
Fighting       | 3 8 9 |  9.5
Air Magic      | 1 6 8 |  8.6
Conjurations   | 3 4 |  4.0
Poison Magic   | 1 |  1.0
Spellcasting   | 1 5 8 10 11 12 | 12.5
Evocations     | 2 5 |  5.6
Translocations | 6 |  6.3
Summonings     | 4 |  4.8
Stealth        | 3 9 |  9.0
Charms         | 4 6 9 |  9.9
Earth Magic    | 9 15 16 19 | 19.5
Throwing       | |  1.5

Action                   |  1- 3 |  4- 6 |  7- 9 | 10-12 | 13-15 | 16-18 | 19-21 | 22-24 || total
-------------------------+-------+-------+-------+-------+-------+-------+-------+-------++-------
Melee: Quarterstaff      |    92 |   312 |   667 |  1240 |   909 |       |       |       ||  3220
       Spear             |       |       |       |     2 |       |       |       |       ||     2
       Lajatang          |       |       |       |       |   633 |  1162 |  1691 |   502 ||  3988
       Trident           |       |       |       |       |       |    13 |       |       ||    13
Throw: Tomahawk          |       |       |     6 |     6 |     2 |       |       |       ||    14
       Javelin           |       |       |       |     1 |     8 |       |       |       ||     9
       Throwing net      |       |       |       |       |     2 |       |       |       ||     2
 Cast: Mephitic Cloud    |       |       |       |     1 |     6 |     8 |     4 |       ||    19
       Blink             |       |       |       |       |     4 |    15 |    40 |     8 ||    67
       Apportation       |       |       |       |       |     8 |     9 |     7 |     5 ||    29
       Spectral Weapon   |       |       |       |       |       |     2 |    52 |    30 ||    84
       Regeneration      |       |       |       |       |       |     1 |    59 |    19 ||    79
       Shroud of Golubri |       |       |       |       |       |       |     6 |     6 ||    12
       Song of Slaying   |       |       |       |       |       |       |     4 |     3 ||     7
       Deflect Missiles  |       |       |       |       |       |       |     6 |     2 ||     8
Invok: Sacrifice Experie |       |     1 |       |       |       |       |       |       ||     1
       Draw Out Power    |       |       |     1 |     9 |       |       |       |       ||    10
       Apocalypse        |       |       |     1 |     3 |       |       |       |       ||     4
       Sacrifice Resista |       |       |     1 |       |       |       |       |       ||     1
       Potion Petition   |       |       |       |     2 |       |     2 |       |       ||     4
       Sacrifice Skill   |       |       |       |     1 |       |       |       |       ||     1
       Call Merchant     |       |       |       |     1 |       |     1 |     2 |     1 ||     5
 Abil: Evoke Invisibilit |       |       |       |       |     3 |     5 |       |       ||     8
       Fly               |       |       |       |       |     3 |       |       |       ||     3
       Stop Flying       |       |       |       |       |     2 |       |     1 |       ||     3
Evoke: Wand              |       |       |       |     3 |    18 |     5 |       |       ||    26
       Lightning rod     |       |       |       |       |    13 |    12 |    19 |       ||    44
       Lamp of fire      |       |       |       |       |     4 |     3 |     6 |     1 ||    14
  Use: Potion            |       |     3 |       |     8 |     6 |     7 |       |       ||    24
       Scroll            |       |       |     3 |    20 |    17 |     5 |    14 |     6 ||    65
 Stab: Distracted        |       |       |     2 |     4 |     5 |     6 |    22 |     4 ||    43
       Paralysed         |       |       |       |     6 |       |       |       |       ||     6
       Invisible         |       |       |       |     4 |    11 |    15 |       |       ||    30
       Confused          |       |       |       |     2 |       |     2 |     3 |       ||     7
       Held in net/web   |       |       |       |       |     1 |       |       |       ||     1
       Sleeping          |       |       |       |       |       |     7 |    16 |     2 ||    25
  Eat: Chunk             |       |     6 |     8 |     6 |     2 |       |       |       ||    22
       Ration            |       |       |     2 |     7 |     7 |     7 |    10 |     3 ||    36
Armor: Leather armour    |    49 |   106 |    46 |       |       |       |       |       ||   201
       Skin              |       |     4 |       |       |       |       |       |       ||     4
       Fire dragon scale |       |    25 |   283 |   676 |   782 |   287 |  1019 |   130 ||  3202
       Scale mail        |       |       |       |       |       |   815 |       |   182 ||   997
Dodge: Dodged            |    75 |   188 |   347 |   590 |   775 |   883 |   719 |   240 ||  3817
       Deflected         |       |       |       |       |       |       |    10 |    32 ||    42
